 Dungeon Crawl Stone Soup version 0.20.0 (webtiles) character file.

9920 Llamajah the Blocker (level 11, 0/84 HPs)
             Began as a Formicid Fighter on July 24, 2017.
             Was a High Priest of Okawaru.
             Slain by a thrashing horror (2 damage)
             ... on level 2 of the Abyss.
             The game lasted 00:38:41 (9327 turns).

Llamajah the Blocker (Formicid Fighter)             Turns: 9327, Time: 00:38:42

Health: 0/84       AC: 18    Str: 24    XL:     11   Next: 83%
Magic:  11/11      EV: 10    Int:  8    God:    Okawaru [*****.]
Gold:   90         SH: 21    Dex: 10    Spells: 10/10 levels left

rFire    . . .     SeeInvis +   v - +4 war axe (elec)
rCold    + . .     Gourm    .   U - +9 shield of Buot {rC+}
rNeg     . . .     Faith    +   A - +0 plate armour
rPois    +         Spirit   .   (helmet unavailable)
rElec    +         Reflect  .   O - +0 cloak
rCorr    +         Harm     .   K - +0 pair of gloves
MR       +....                  N - +0 pair of boots
Stlth    ..........             L - amulet of faith
Regen    0.0/turn               P - ring of Cowardice {rCorr rElec}
MPRegen  0.2/turn               p - ring of poison resistance

@: non-regenerating, badly diseased
A: permanent stasis, dig shafts and tunnels, four strong arms, antennae 3, [no
potion heal 2]
a: Dig, Shaft Self, Heroism, Finesse, Renounce Religion


You were on level 2 of the Abyss.
You worshipped Okawaru.
Okawaru was extremely pleased with you.
You were not hungry.

You visited 2 branches of the dungeon, and saw 11 of its levels.
You visited the Abyss 1 time.

You collected 580 gold pieces.
You spent 490 gold pieces at shops.

Inventory:

Hand Weapons
 v - a +4 war axe of electrocution (weapon)
 B - a cursed +0 hunting sling
 F - a +0 battleaxe of flaming
Missiles
 a - 143 sling bullets
Armour
 w - a +1 chain mail of fire resistance
 A - a +0 plate armour (worn)
 K - a +0 pair of gloves (worn)
 N - a +0 pair of boots (worn)
 O - a +0 cloak (worn)
 U - the +9 shield of Buot (worn) {rC+}
   (Okawaru gifted it to you on level 9 of the Dungeon)

   It protects you from cold.
Jewellery
 d - a +3 ring of protection
 h - a +2 ring of strength
 p - a ring of poison resistance (right hand)
 t - an uncursed ring of protection from magic
 H - a +5 ring of intelligence
 L - an amulet of faith (around neck)
 P - the ring of Cowardice (left hand) {rCorr rElec}
   (You found it on level 8 of the Dungeon)

   [ring of resist corrosion]

   It insulates you from electricity.
Wands
 m - a wand of polymorph (4/24)
 D - a wand of flame (13/48)
 E - a wand of iceblast (9/15)
 M - a wand of polymorph (16/24)
Scrolls
 e - a scroll of random uselessness {unknown}
 i - a scroll of identify
 l - 5 scrolls of remove curse
 n - 4 scrolls of enchant armour
 x - a scroll of fear {unknown}
 y - a scroll of enchant weapon {unknown}
 z - a scroll of noise {unknown}
 C - a scroll of fog {unknown}
 I - a scroll of summoning {unknown}
 Q - a scroll of immolation {unknown}
 S - a scroll of magic mapping {unknown}
 V - a scroll of holy word {unknown}
 W - a scroll of brand weapon
Potions
 b - 3 potions of curing
 c - a potion of mutation {unknown}
 g - 2 potions of magic
 r - 2 potions of brilliance
 s - 3 potions of lignification
 G - 2 potions of flight {unknown}
 J - a potion of ambrosia {unknown}
 R - a potion of heal wounds {unknown}
Comestibles
 f - 7 bread rations
 j - 4 royal jellies
 k - 15 fruits
 o - 7 chunks of flesh
 q - 4 meat rations


   Skills:
 + Level 7.5 Fighting
 + Level 6.5 Axes
 + Level 5.5 Slings
 * Level 9.7 Armour
 * Level 8.0 Dodging
 * Level 10.6 Shields


You had 10 spell levels left.
You didn't know any spells.

Dungeon Overview and Level Annotations

Branches:
Dungeon (10/15)            Temple (0/1) D:7            Lair (1/6) D:10
    Orc: D:9-12

Altars:
Cheibriados
Dithmenos
Fedhas
Hepliaklqana
Makhleb
Nemelex Xobeh
Okawaru
Ru
Trog
Uskayaw
Vehumet
Zin

Shops:
D:4 %   D:5 (   D:7 *   D:8 ?

Annotations:
Lair:1 Sonja


Innate Abilities, Weirdness & Mutations

You cannot be hasted, slowed, berserked, paralysed or teleported.
You can dig through walls and to a lower floor.
Your four strong arms can wield two-handed weapons with a shield.
You have a pair of large antennae on your head. (SInv)
[Potions are poor at restoring your health.]


Message History

The thrashing horror roars!
You block the thrashing horror's attack. x2
The worldbinder calls forth creatures from the Elven Halls!
The thrashing horror tramples you!
* * * LOW HITPOINT WARNING * * *
You stumble backwards!
A large abomination comes into view.
The thrashing horror roars!
You hear rumbling.
The thrashing horror tramples you!
* * * LOW HITPOINT WARNING * * *
You stumble backwards!
You hear rumbling.
The thrashing horror roars!
You block the thrashing horror's attack. x2
The thrashing horror roars!
You block the thrashing horror's attack. x2
The thrashing horror tramples you but does no damage. x2
The thrashing horror roars!
The thrashing horror tramples you.
You die...

... .......... .......
...... #......# .W..§.##
......##......##......##
...............§.§ .....
..............§x........
.............E.X........
........................
..........3......... ...
.......@X...............
......##X.....##......##
..... #X.X...# ......#
.... ................
... ............... ..
.....#.....# .
#...###...## ..... ....


You could see 3 thrashing horrors, a large abomination, a fire elemental and a
ynoxinul.

Vanquished Creatures
  3 two-headed ogres
  An ugly thing (D:8)
  A cyclops (D:8)
  An oklob plant (D:8)
  Psyche (D:8)
  The ghost of Zerd the Magician, a novice DECj (D:9)
  A troll (D:7)
  A slime creature (D:8)
  Prince Ribbit (D:8)
  A hippogriff (D:9)
  3 wyverns
  A vampire (D:9)
  Grum (D:8)
  2 hell hounds (D:9)
  3 orc warriors
  2 ice beasts
  A hornet zombie (D:8)
  A necrophage (D:5)
  2 black bears
  2 phantoms
  4 wolves
  2 sky beasts
  6 centaurs
  6 ogres
  A big kobold (D:8)
  2 bullfrogs
  2 scorpions
  A wyvern skeleton (D:8)
  A killer bee (D:8)
  3 wights (D:8)
  4 howler monkeys
  5 crimson imps
  2 jellies
  2 quasits
  3 hounds
  2 orc priests
  3 centaur skeletons
  10 orc wizards
  Crazy Yiuf (D:7)
  2 bullfrog skeletons
  An iguana (D:4)
  Jessica (D:3)
  Terence (D:2)
  Natasha (thrice) (D:2)
  7 worker ants
  3 hound zombies
  A hound skeleton (D:5)
  7 gnolls
  A howler monkey skeleton (D:5)
  10 adders
  A shadow imp (D:6)
  4 oozes
  A worm (D:2)
  6 leopard geckos
  38 orcs
  A ball python (D:2)
  4 bats
  8 giant cockroaches
  4 goblins
  10 hobgoblins
  7 jackals
  3 quokkas
  4 frilled lizards
  7 kobolds
  4 rats
  A plant (D:8)
230 creatures vanquished.

Vanquished Creatures (others)
  2 small abominations (Abyss:2)
  An orc (D:10)
3 creatures vanquished.

Grand Total: 233 creatures vanquished

Notes
Turn   | Place    | Note
-------+----------+-------------------------------------------
     0 | D:1      | Llamajah the Formicid Fighter began the quest for the Orb.
     0 | D:1      | Reached XP level 1. HP: 18/18 MP: 1/1
   185 | D:1      | Reached XP level 2. HP: 24/24 MP: 2/2
   312 | D:1      | Reached XP level 3. HP: 29/29 MP: 3/3
   590 | D:2      | Noticed Natasha
   598 | D:2      | Killed Natasha
   598 | D:2      | Reached skill level 1 in Dodging
   598 | D:2      | Reached skill level 4 in Shields
   598 | D:2      | Reached XP level 4. HP: 30/35 MP: 4/4
   725 | D:2      | Noticed Natasha
   734 | D:2      | Killed Natasha
   863 | D:2      | Noticed Natasha
   873 | D:2      | Killed Natasha
   873 | D:2      | Reached XP level 5. HP: 22/42 MP: 5/5
  1180 | D:2      | Noticed Terence
  1194 | D:2      | Killed Terence
  1514 | D:2      | Found a hide-covered altar of Uskayaw.
  1515 | D:2      | Noticed a dagger
  1515 | D:2      | Noticed an enchanted hand axe
  1668 | D:3      | Found a hazy altar of Hepliaklqana.
  1933 | D:3      | Noticed Jessica
  1950 | D:3      | Killed Jessica
  1950 | D:3      | Reached XP level 6. HP: 16/48 MP: 6/6
  2238 | D:3      | Found a sparkling altar of Nemelex Xobeh.
  2272 | D:3      | Found a bloodstained altar of Trog.
  2312 | D:3      | Found a shadowy altar of Dithmenos.
  2312 | D:3      | Found a sacrificial altar of Ru.
  2313 | D:3      | Found a blossoming altar of Fedhas.
  2313 | D:3      | Found an iron altar of Okawaru.
  2363 | D:3      | Became a worshipper of Warmaster Okawaru
  2437 | D:3      | Noticed a phantom
  2445 | D:3      | Reached skill level 5 in Shields
  2480 | D:3      | Killed a phantom
  2480 | D:3      | Reached XP level 7. HP: 48/54 MP: 7/7
  2799 | D:4      | Reached skill level 5 in Armour
  2900 | D:4      | Found Poijaguj's Food Emporium.
  2993 | D:4      | Found a snail-covered altar of Cheibriados.
  3129 | D:4      | Reached * piety under Okawaru
  3411 | D:5      | Entered Level 5 of the Dungeon
  3473 | D:5      | Reached XP level 8. HP: 61/61 MP: 8/8
  3525 | D:5      | Reached skill level 6 in Shields
  3600 | D:5      | Found a burning altar of Makhleb.
  3600 | D:5      | Noticed a cacodemon
  3603 | D:5      | Noticed a hellwing
  3603 | D:5      | Noticed a ynoxinul
  3660 | D:5      | Found Agoyrutenni's Weapon Shoppe.
  3766 | D:5      | Found a radiant altar of Vehumet.
  4218 | D:6      | Reached skill level 5 in Fighting
  4227 | D:6      | Reached ** piety under Okawaru
  4227 | D:6      | Reached skill level 1 in Slings
  4232 | D:6      | Reached XP level 9. HP: 56/68 MP: 9/9
  4326 | D:6      | Reached skill level 7 in Shields
  4673 | D:7      | Reached skill level 5 in Dodging
  4678 | D:7      | Found Oqathut's General Store.
  4691 | D:7      | Bought a scroll of enchant armour for 105 gold pieces
  4713 | D:7      | Noticed a troll
  4841 | D:7      | Killed a troll
  4841 | D:7      | Reached *** piety under Okawaru
  5412 | D:7      | Found a staircase to the Ecumenical Temple.
  5554 | D:7      | Found a runed door.
  5558 | D:7      | Noticed Crazy Yiuf
  5562 | D:7      | Killed Crazy Yiuf
  5750 | D:8      | Reached skill level 8 in Shields
  5754 | D:8      | Noticed a green ugly thing
  5877 | D:8      | Reached skill level 5 in Axes
  5877 | D:8      | Reached XP level 10. HP: 72/76 MP: 10/10
  5893 | D:8      | Reached **** piety under Okawaru
  5927 | D:8      | Killed a green ugly thing
  5927 | D:8      | Received a gift from Okawaru
  6025 | D:8      | Noticed a gargoyle
  6116 | D:8      | Noticed a cyclops
  6252 | D:8      | Reached skill level 9 in Shields
  6389 | D:8      | Received a gift from Okawaru
  6410 | D:8      | Got a faintly glowing bronze ring
  6429 | D:8      | Identified the ring of Cowardice {rCorr rElec} (You found it on level 8 of the Dungeon)
  6468 | D:8      | Noticed Prince Ribbit
  6816 | D:8      | Noticed a two-headed ogre
  6834 | D:8      | Killed a two-headed ogre
  6970 | D:8      | Found Teuwus's Magic Scroll Boutique.
  6977 | D:8      | Bought a scroll of enchant armour for 105 gold pieces
  7118 | D:8      | Killed a cyclops
  7118 | D:8      | Reached ***** piety under Okawaru
  7121 | D:8      | Noticed Psyche
  7141 | D:8      | Killed Psyche
  7141 | D:8      | Reached XP level 11. HP: 68/83 MP: 9/11
  7165 | D:8      | Killed Prince Ribbit
  7216 | D:8      | Noticed Grum
  7230 | D:8      | Killed Grum
  7498 | D:8      | Found a glowing silver altar of Zin.
  7498 | D:8      | Noticed an oklob plant
  7507 | D:8      | Killed an oklob plant
  7507 | D:8      | Reached skill level 10 in Shields
  7670 | D:9      | Received a gift from Okawaru
  7685 | D:9      | Got a fine shield {god gift}
  7696 | D:9      | Identified the +9 shield of Buot {rC+} (Okawaru gifted it to you on level 9 of the Dungeon)
  7843 | D:9      | Reached skill level 5 in Slings
  8257 | D:9      | Noticed a two-headed ogre
  8266 | D:9      | Killed a two-headed ogre
  8385 | D:8      | Bought a scroll of brand weapon for 280 gold pieces
  8431 | D:9      | Noticed Zerd's ghost (novice DECj)
  8440 | D:9      | Killed Zerd's ghost
  8698 | D:10     | Entered Level 10 of the Dungeon
  8698 | D:10     | Noticed an unseen horror
  8723 | D:10     | Found a staircase to the Lair.
  8724 | D:10     | Noticed a two-headed ogre
  8735 | D:9      | Killed a two-headed ogre
  9149 | Lair:1   | Entered Level 1 of the Lair of Beasts
  9149 | Lair:1   | Noticed Sonja
  9171 | Lair:1   | Cast into level 2 of the Abyss (Sonja)
  9237 | Abyss:2  | Noticed a starcursed mass
  9249 | Abyss:2  | Noticed a thrashing horror
  9255 | Abyss:2  | Noticed a worldbinder
  9258 | Abyss:2  | Noticed a deep elf knight
  9258 | Abyss:2  | Noticed a deep elf archer
  9262 | Abyss:2  | Noticed a deep elf mage
  9262 | Abyss:2  | Noticed a deep elf mage
  9266 | Abyss:2  | Noticed a deep elf mage
  9266 | Abyss:2  | Noticed a deep elf knight
  9272 | Abyss:2  | Noticed a deep elf mage
  9282 | Abyss:2  | Noticed a deep elf mage
  9284 | Abyss:2  | Noticed a deep elf mage
  9284 | Abyss:2  | Noticed a deep elf mage
  9291 | Abyss:2  | Noticed a deep elf mage
  9291 | Abyss:2  | Noticed a starcursed mass
  9293 | Abyss:2  | Noticed a deep elf knight
  9293 | Abyss:2  | Noticed a deep elf mage
  9293 | Abyss:2  | Noticed a deep elf mage
  9301 | Abyss:2  | Noticed a deep elf mage
  9302 | Abyss:2  | Noticed a deep elf elementalist
  9303 | Abyss:2  | Noticed a deep elf mage
  9310 | Abyss:2  | Noticed a deep elf mage
  9310 | Abyss:2  | Noticed a deep elf mage
  9311 | Abyss:2  | Noticed a shadow wraith
  9313 | Abyss:2  | Noticed a deep elf knight
  9313 | Abyss:2  | Noticed a thrashing horror
  9316 | Abyss:2  | Noticed a wretched star
  9318 | Abyss:2  | Noticed a thrashing horror
  9319 | Abyss:2  | Noticed a large abomination
  9322 | Abyss:2  | Found an iron altar of Okawaru.
  9324 | Abyss:2  | HP: 2/84 [thrashing horror (8)]
  9327 | Abyss:2  | Slain by a thrashing horror

Skill      XL: |  1  2  3  4  5  6  7  8  9 10 11 |
---------------+----------------------------------+-----
Dodging        | 1 2 3 4 5 7 8 |  8.0
Shields        | 4 5 6 8 9 10 | 10.6
Armour         | 4 5 6 7 8 9 |  9.7
Axes           | 3 4 5 6 |  6.5
Fighting       | 4 5 6 7 |  7.5
Slings         | 1 3 4 5 |  5.5

Action                   |  1- 3 |  4- 6 |  7- 9 | 10-12 || total
-------------------------+-------+-------+-------+-------++-------
Melee: War axe           |    44 |   200 |   328 |   279 ||   851
       Unarmed           |       |       |     3 |       ||     3
Invok: Heroism           |       |       |       |     5 ||     5
 Abil: Dig               |       |       |     2 |     3 ||     5
  Use: Potion            |       |     1 |     2 |       ||     3
       Scroll            |       |       |       |     9 ||     9
  Eat: Chunk             |       |     5 |    12 |    12 ||    29
Armor: Scale mail        |    10 |    17 |       |       ||    27
       Chain mail        |       |    79 |    12 |       ||    91
       Plate armour      |       |       |   146 |   124 ||   270
       Skin              |       |       |     7 |       ||     7
Dodge: Dodged            |    13 |    74 |   112 |   100 ||   299
Block: Shield            |    23 |   127 |   210 |   339 ||   699
